 Dungeon Crawl Stone Soup version 0.25-a0-1133-g93ebf739aa (webtiles) character file.

Game seed: 14837454671716185833, levelgen mode: deterministic

50542 HoaS the Brawler (level 14, -1/99 HPs)
             Began as a Gargoyle Berserker on May 21, 2020.
             Was a High Priest of Trog.
             Slain by a tentacled starspawn (3 damage)
             ... on level 3 of the Lair of Beasts on May 22, 2020.
             The game lasted 00:58:46 (21061 turns).

HoaS the Brawler (Gargoyle Berserker)              Turns: 21061, Time: 00:58:46

Health: -1/99      AC: 24    Str: 26    XL:     14   Next: 55%
Magic:  0/14       EV:  8    Int:  8    God:    Trog [*****.]
Gold:   1224       SH:  0    Dex: 25    Spells: 13/13 levels left

rFire    . . .     SeeInvis +     - Unarmed
rCold    . . .     Gourm    .   (no shield)
rNeg     + . .     Faith    .   i - +0 plate armour
rPois    ∞         Spirit   +   L - +1 helmet of Ytuahos {Dex+4}
rElec    +         Reflect  .   r - scarf {repulsion}
rCorr    .         Harm     .   (no gloves)
MR       +....                  F - +0 pair of boots
Stlth    ..........             N - amulet of guardian spirit
HPRegen  0.26/turn              h - +6 ring of dexterity
MPRegen  0.14/turn              A - ring of Goheim {rPois Dex+6 SInv}

@: flying, studying 2 skills, repel missiles
A: big wings, negative energy resistance 1, electricity resistance, unbreathing,
petrification resistance, rot immunity, AC +10
a: Stop Flying, Berserk, Trog's Hand, Brothers in Arms, Renounce Religion


You were on level 3 of the Lair of Beasts.
You worshipped Trog.
Trog was extremely pleased with you.
You were not hungry.

You visited 2 branches of the dungeon, and saw 16 of its levels.
You also visited: Ossuary and Volcano.

You collected 1424 gold pieces.
You spent 200 gold pieces at shops.

Inventory:

Hand Weapons
 w - a +5 shortbow
Missiles
 c - 179 arrows (quivered)
Armour
 i - a +0 plate armour (worn)
 r - a scarf of repulsion (worn)
 F - a +0 pair of boots (worn)
 L - the +1 helmet of Ytuahos (worn) {Dex+4}
   (You found it on level 5 of the Lair of Beasts)

   It affects your dexterity (+4).
Jewellery
 h - a +6 ring of dexterity (left hand)
 l - an uncursed ring of fire
 u - an uncursed ring of ice
 v - an uncursed ring of resist corrosion
 A - the ring of Goheim (right hand) {rPois Dex+6 SInv}
   (You took it off an orc priest on level 8 of the Dungeon)

   [ring of dexterity]

   It affects your dexterity (+6).
   It protects you from poison.
   It lets you see invisible.
 I - an uncursed ring of stealth
 N - an amulet of guardian spirit (around neck)
Wands
 f - a wand of disintegration (12)
 n - a wand of flame (34)
 p - a wand of enslavement (2)
 C - a wand of paralysis (16)
 D - a wand of polymorph (6)
 E - a wand of clouds (15)
 H - a wand of random effects (12)
 J - a wand of iceblast (8)
 O - a wand of digging (4)
Scrolls
 d - 4 scrolls of identify
 e - 11 scrolls of teleportation
 g - 8 scrolls of enchant armour
 k - 8 scrolls of remove curse
 x - 5 scrolls of magic mapping
 B - a scroll of fear
 P - a scroll of fog
Potions
 a - 4 potions of haste
 j - 4 potions of stabbing
 m - 13 potions of curing
 o - 2 potions of ambrosia
 q - 3 potions of heal wounds
 t - 3 potions of flight
 y - 3 potions of might
 z - 2 potions of lignification
 G - 2 potions of cancellation
 M - a potion of mutation
Books
 s - a manual of Unarmed Combat
 K - a manual of Fighting
Comestibles
 b - 45 rations


   Skills:
 + Level 15.8 Fighting
 * Level 15.0 Bows
 - Level 2.1 Armour
 - Level 1.5 Dodging
 + Level 16.6 Unarmed Combat


You had 13 spell levels left.
You didn't know any spells.
Your spell library was empty.

Dungeon Overview and Level Annotations

Branches:
Dungeon (10/15)            Temple (0/1) D:6            Lair (6/6) D:8
  Swamp (0/4) Lair:4       Spider (0/4) Lair:4        Slime (0/5) Lair:5
    Orc (0/2) D:10        Ossuary (visited)         Volcano (visited)

Altars:
Ashenzari
Cheibriados
Hepliaklqana
Kikubaaqudgha
Qazlal
Uskayaw
Vehumet
Wu Jian
Beogh
Jiyva

Shops:
D:5 [   D:7 !   D:10 *

Portals:
Abyss: Lair:3

Annotations:
Lair:1 exclusion: 2 oklob plants
Lair:2 3 runed translucent doors, Pioss's ghost, journeyman DDFi
Lair:3 1 transporter, Zanta616's ghost, journeyman HuHu


Innate Abilities, Weirdness & Mutations

You are resistant to torment.
Your stone body is resilient. (AC +10)
You are immune to poison.
Your large and strong wings let you fly indefinitely.
You resist negative energy. (rN+)
You are resistant to electric shocks. (rElec)
You can survive without breathing.
You are immune to petrification.
You are immune to rotting.


Message History

The red ugly thing gores you but does no damage.
You closely miss the red ugly thing. You punch the red ugly thing.
The red ugly thing is almost dead.
The red ugly thing gores you.
* * * LOW HITPOINT WARNING * * *
You are engulfed in flames!!
* * * LOW HITPOINT WARNING * * *
You punch the red ugly thing!
You kill the red ugly thing!
Trog accepts your kill.
You barely miss the tentacled starspawn.
The tentacled starspawn bites you.
* * * LOW HITPOINT WARNING * * *
The tentacled starspawn engulfs you but does no damage.
You barely miss the tentacled starspawn.
The ancient zyme hits you but does no damage.
The ancient zyme hits you.
The moth of wrath goads the spriggan rider on!
The spriggan rider goes berserk!
The tentacled starspawn bites you.
You die...

..##.#.###. ....#..# ##...
..##..##.##....##..# #....
...##X##..#y#.##..)## ###..
....###..##...#.....## ###...
..#......# .#W#......## #P...#
.##.....#####i###.....### #...##
.#..##### .?.#w3#.......####..###
...##.##..### #X##...........##..
P..#.u....#©##.#@#.............#.
...#####.##..##x##.#...##........
......####....###......###...##..
###...............#.#.....######.
.##.....#........#....#..#### #.
..#....##.P...............#.####.
..........P.....##...............
..............(####.....#........
................###.....#......#.


You could see a tentacled starspawn, a spriggan rider (berserk), a soul eater,
an ancient zyme, a moth of wrath, a starspawn tentacle and Zanta616's ghost.

Vanquished Creatures
  The ghost of PIKKUHERKKO the Severer, a journeyman HOMo of the Shining One (Lair:4)
  Snorg (Lair:6)
  6 hydras
  An ice dragon (Lair:6)
  A catoblepas (Lair:5)
  3 two-headed ogres
  A tengu warrior (D:10)
  2 lindwurms (Lair:6)
  An ugly thing (Lair:3)
  A manticore (Lair:5)
  6 elephants
  3 black mambas
  6 torpor snails (Lair:6)
  13 spiny frogs
  8 komodo dragons
  6 rime drakes
  A jumping spider (Lair:4)
  7 polar bears (Lair:6)
  6 hornets (Lair:6)
  4 tyrant leeches
  7 blink frogs
  3 raiju (Lair:6)
  7 hippogriffs
  A dream sheep (Lair:4)
  A ynoxinul (Lair:3)
  7 wyverns
  A wraith (Ossuary)
  9 yaks
  4 basilisks
  A hungry ghost (D:6)
  3 swamp worms (Lair:4)
  9 wargs
  10 water moccasins
  7 porcupines
  13 hell hounds
  4 phantoms
  A sky beast (D:8)
  10 black bears
  5 ogres
  4 orc warriors
  52 wolves
  3 centaurs
  5 crocodiles
  10 bullfrogs
  2 big kobolds (D:9)
  A gnoll sergeant (D:3)
  An earth elemental (Volcano)
  A wyvern zombie (D:9)
  6 scorpions
  3 wights (D:7)
  6 killer bees (D:10)
  3 howler monkeys
  4 electric eels
  A crimson imp (D:5)
  A bullfrog zombie (D:8)
  2 jellies
  8 orc priests
  A gnoll shaman (D:3)
  2 centaur skeletons
  5 hounds
  3 bullfrog skeletons
  4 iguanas
  10 worker ants
  11 orc wizards
  A killer bee zombie (D:7)
  The ghost of MisterFreud the Skirmisher, a weakling FoAK of Lugonu (D:3)
  A hound skeleton (D:4)
  2 hound zombies
  2 mummies
  21 gnolls
  6 adders
  A shadow imp (D:10)
  2 adder zombies
  4 worms
  3 dart slugs
  3 leopard geckos
  33 orcs
  4 giant cockroaches
  6 goblins
  7 hobgoblins
  12 jackals
  13 kobolds
  6 quokkas
  4 ball pythons
  7 bats
  4 frilled lizards
  9 gnoll skeletons (Ossuary)
  6 kobold skeletons (Ossuary)
  A leopard gecko skeleton (D:9)
  10 orc skeletons (Ossuary)
  2 quokka skeletons (D:7)
  8 rats
  A plant (Lair:6)
510 creatures vanquished.

Vanquished Creatures (collateral kills)
  2 rime drakes (Lair:4)
  A komodo dragon (Lair:1)
  A raiju (Lair:6)
  3 polar bears (Lair:6)
  3 hippogriffs (Lair:4)
  2 wyverns (Lair:4)
  4 fire bats (Lair:1)
  3 basilisks (Lair:4)
  2 wargs (Lair:6)
  A hell hound (Lair:6)
  2 black bears (Lair:6)
  A wolf (Lair:6)
25 creatures vanquished.

Vanquished Creatures (others)
  A hell hound (Lair:6)
  9 fungi
  36 plants
  3 starspawn tentacles (Lair:3)
49 creatures vanquished.

Grand Total: 584 creatures vanquished

Notes
Turn   | Place    | Note
-------+----------+-------------------------------------------
     0 | D:1      | HoaS the Gargoyle Berserker began the quest for the Orb.
     0 | D:1      | Reached XP level 1. HP: 14/14 MP: 1/1
   165 | D:1      | Reached XP level 2. HP: 19/19 MP: 2/2
   545 | D:1      | Reached XP level 3. HP: 20/24 MP: 3/3
  1245 | D:2      | Reached skill level 4 in Unarmed Combat
  1282 | D:2      | Reached ** piety under Trog
  1310 | D:2      | Reached XP level 4. HP: 22/29 MP: 4/4
  1515 | D:2      | Found a shattered altar of Ashenzari.
  1587 | D:2      | Noticed an ogre
  1603 | D:2      | Killed an ogre
  1603 | D:2      | Reached skill level 5 in Unarmed Combat
  1603 | D:2      | Reached XP level 5. HP: 34/34 MP: 5/5
  1907 | D:3      | Found a transporter.
  1909 | D:3      | Found a transporter.
  1932 | D:3      | Identified the +3 spear "Pacozil" {elec, rF++}
  1935 | D:3      | Noticed MisterFreud's ghost (weakling FoAK)
  1998 | D:3      | Reached XP level 6. HP: 12/40 MP: 6/6
  2334 | D:3      | Reached skill level 5 in Fighting
  2462 | D:3      | Found a faded altar of an unknown god.
  2697 | D:3      | Reached skill level 6 in Unarmed Combat
  2735 | D:3      | Reached *** piety under Trog
  3254 | D:4      | Reached XP level 7. HP: 34/44 MP: 7/7
  3467 | D:4      | Reached skill level 7 in Unarmed Combat
  4167 | D:5      | Entered Level 5 of the Dungeon
  4183 | D:5      | Reached XP level 8. HP: 49/52 MP: 8/8
  4229 | D:5      | Reached skill level 8 in Unarmed Combat
  4262 | D:5      | Found a snail-covered altar of Cheibriados.
  4302 | D:5      | Reached **** piety under Trog
  4309 | D:5      | Found a sand-covered staircase.
  4316 | Ossuary  | Entered an ossuary
  4316 | Ossuary  | Noticed a wraith
  4316 | Ossuary  | Noticed a wraith
  4316 | Ossuary  | Noticed a wraith
  4427 | Ossuary  | Noticed a wraith
  4435 | Ossuary  | Killed a wraith
  4751 | D:5      | Reached ***** piety under Trog
  4932 | D:5      | Found Gutukhlebb's Antique Armour Shop.
  5527 | D:3      | Reached skill level 9 in Unarmed Combat
  5537 | D:3      | Killed MisterFreud's ghost
  5795 | D:6      | Found an ornate altar of the Wu Jian Council.
  5866 | D:6      | Found a staircase to the Ecumenical Temple.
  5980 | D:6      | Reached XP level 9. HP: 54/58 MP: 9/9
  6203 | D:7      | Found Anweare's Distillery.
  6222 | D:7      | Reached skill level 10 in Unarmed Combat
  6279 | D:5      | Bought an embroidered scarf for 200 gold pieces
  6341 | D:7      | You fall into a shaft and drop 2 floors!
  6543 | D:9      | Reached skill level 1 in Bows
  7033 | D:7      | Reached XP level 10. HP: 66/66 MP: 10/10
  7251 | D:7      | Received a gift from Trog
  7355 | D:7      | Reached skill level 5 in Bows
  7923 | D:8      | Found a staircase to the Lair.
  7924 | D:8      | Identified the ring of Goheim {rPois Dex+6 SInv}
  7930 | D:8      | Reached skill level 11 in Unarmed Combat
  7947 | D:8      | Found a hazy altar of Hepliaklqana.
  8315 | D:8      | Noticed a two-headed ogre
  8321 | D:8      | Killed a two-headed ogre
  8565 | D:9      | Noticed a two-headed ogre
  8664 | D:9      | HP: 3/68 [two-headed ogre/+0 giant club (10)]
  8664 | D:9      | HP: 1/68 [two-headed ogre/+0 giant club (2)]
  8666 | D:9      | Killed a two-headed ogre
  8666 | D:9      | Reached skill level 10 in Fighting
  9025 | D:9      | Found a stormy altar of Qazlal.
  9059 | D:9      | Found a radiant altar of Vehumet.
  9244 | D:9      | Found an ancient bone altar of Kikubaaqudgha.
  9336 | D:10     | Entered Level 10 of the Dungeon
  9409 | D:10     | Noticed a two-headed ogre
  9417 | D:10     | Killed a two-headed ogre
  9417 | D:10     | Reached XP level 11. HP: 46/73 MP: 11/11
  9704 | D:10     | Found a staircase to the Orcish Mines.
  9730 | D:10     | Found a roughly hewn altar of Beogh.
  9966 | D:10     | Found Guysm's General Store.
 10045 | D:10     | Noticed a tengu warrior
 10059 | D:10     | Killed a tengu warrior
 10964 | D:10     | Identified a scroll of acquirement
 11040 | Lair:1   | Entered Level 1 of the Lair of Beasts
 11046 | Lair:1   | Reached skill level 12 in Unarmed Combat
 11655 | Lair:1   | Noticed an oklob plant
 11656 | Lair:1   | Noticed an oklob plant
 12132 | Lair:2   | Noticed a four-headed hydra
 12150 | Lair:2   | Killed a four-headed hydra
 12150 | Lair:2   | Reached skill level 10 in Bows
 12213 | Lair:2   | Reached XP level 12. HP: 51/80 MP: 12/12
 12360 | Lair:2   | Noticed an ice dragon
 12361 | Lair:2   | Noticed Pioss's ghost (journeyman DDFi)
 12380 | Lair:2   | Found a dark tunnel.
 12386 | Volcano  | Entered a volcano
 12585 | Lair:2   | Noticed a four-headed hydra
 12591 | Lair:2   | Killed a four-headed hydra
 12591 | Lair:2   | Reached skill level 13 in Unarmed Combat
 12681 | Lair:2   | Found a runed translucent gate.
 12682 | Lair:2   | Found a runed translucent gate.
 12683 | Lair:2   | Found a runed translucent gate.
 12716 | Lair:2   | Noticed a six-headed hydra
 12727 | Lair:2   | Killed a six-headed hydra
 14198 | Lair:3   | Identified the +8 trident "Mitez" {distort, *Drain Dex+6}
 14198 | Lair:3   | Noticed a spriggan rider
 14202 | Lair:3   | Noticed a tentacled starspawn
 14212 | Lair:3   | Found a transporter.
 14213 | Lair:3   | Found a one-way gate to the infinite horrors of the Abyss.
 14333 | Lair:3   | Noticed a soul eater
 14368 | Lair:3   | Noticed a thrashing horror
 14479 | Lair:3   | Found a transporter.
 14803 | Lair:3   | Noticed Zanta616's ghost (journeyman HuHu)
 14864 | Lair:4   | Found a runed translucent door.
 14883 | Lair:4   | Reached skill level 14 in Unarmed Combat
 14923 | Lair:4   | Found a hole to the Spider Nest.
 15288 | Lair:4   | Noticed an eight-headed hydra
 15308 | Lair:4   | Killed an eight-headed hydra
 15517 | Lair:4   | Reached XP level 13. HP: 87/87 MP: 13/13
 15576 | Lair:4   | Found a staircase to the Swamp.
 16486 | Lair:4   | Noticed PIKKUHERKKO's ghost (journeyman HOMo)
 16853 | Lair:4   | Reached skill level 15 in Unarmed Combat
 17242 | Lair:4   | Received a gift from Trog
 17463 | Lair:5   | Got a dazzling helmet
 17474 | Lair:5   | Identified the +1 helmet of Ytuahos {Dex+4} (You found it
                  | on level 5 of the Lair of Beasts)
 17482 | Lair:5   | Found a staircase to the Slime Pits.
 17483 | Lair:5   | Found a viscous altar of Jiyva.
 18187 | Lair:6   | Entered Level 6 of the Lair of Beasts
 18883 | Lair:6   | Found a hide-covered altar of Uskayaw.
 19129 | Lair:6   | Gained mutation: Your large and strong wings let you fly
                  | indefinitely. [Gargoyle growth]
 19129 | Lair:6   | Reached XP level 14. HP: 80/96 MP: 12/14
 19352 | Lair:6   | Reached skill level 15 in Fighting
 19361 | Lair:6   | Reached skill level 16 in Unarmed Combat
 19395 | Lair:6   | Received a gift from Trog
 19896 | Lair:6   | Noticed Snorg
 19906 | Lair:6   | Killed Snorg
 20168 | Lair:6   | Found a runed translucent door.
 20920 | Lair:4   | Killed PIKKUHERKKO's ghost
 20920 | Lair:4   | Reached skill level 15 in Bows
 21060 | Lair:3   | HP: 1/99 [tentacled starspawn (4)]
 21061 | Lair:3   | Slain by a tentacled starspawn

Illustrated notes

Levels and vault maps discovered:
D:1:      nzn_arrival_settlement, layout_loops_ring
D:2:      cheibrodos_old_hovel, layout_basic, evilmike_ruin_ashenzari
D:3:      layout_rooms, chequers_ecumenical_altar_lobes,
          gammafunk_ghost_gnarly_gnolls
D:4:      layout_rooms
D:5:      layout_basic, nicolae_overflow_crystal_walls,
          gup_ossuary_entry_pyramid, first_ration, serial_shops,
          kennysheep_little_box
D:6:      layout_cave_pools, old_standard_altar,
          minmay_temple_entry_statues_fountains, minmay_misc_feat_square
D:7:      layout_basic, serial_shops, nicolae_shop_trees
D:8:      layout_basic, lemuel_crystal_altar, erik_lair_orcish_takeover
D:9:      layout_loops_ring, nicolae_qazlal_general_emergency, vehumet_crystals,
          kiku_gazebo_pond_becter
D:10:     layout_stronghold, minmay_orc_entry_temple_small, serial_shops,
          nicolae_shop_stone, minivault_23, grunt_tengu_nest, minivault_4,
          nooodl_orcs_dogs, uniq_urug
Lair:1:   layout_gridlike, minivault_11, minmay_lair_oklob_chamber
Lair:2:   layout_long_grid, enter_volcano_1, gammafunk_ghost_icy, minivault_23,
          minivault_24, serial_bayou_shore_a, grunt_megastairs_2,
          lemuel_fruit_tree
Lair:3:   layout_misc_corridors, gammafunk_ghost_abyssal_escape, minivault_27,
          infiniplex_staircase_pool, grunt_megastairs_5
Lair:4:   layout_small_grid, palyth_hydra_swamp_entry, spider_nest_entry_rubble,
          ebering_ghost_inner_flame, grunt_forest_large_clearings
Lair:5:   layout_roguey [special_room_mythical_zoo], slime_altar_1
Lair:6:   hangedman_lair_caniforms_friends, layout_loops_ring, wormcave,
          basic_altar, uniq_snorg

Skill      XL: |  1  2  3  4  5  6  7  8  9 10 11 12 13 14 |
---------------+-------------------------------------------+-----
Unarmed Combat | 4 5 6 7 9 10 11 12 14 15 16 | 16.6
Fighting       | 4 5 6 7 9 10 11 12 14 15 | 15.8
Bows           | 4 8 10 12 14 15 | 15.0
Armour         | |  2.1
Dodging        | |  1.5

Action                   |  1- 3 |  4- 6 |  7- 9 | 10-12 | 13-15 || total
-------------------------+-------+-------+-------+-------+-------++-------
Melee: Unarmed           |   131 |   254 |   485 |   528 |   496 ||  1894
       Punch             |     1 |     4 |    15 |    30 |    57 ||   107
 Fire: Shortbow          |       |       |       |   193 |   293 ||   486
Invok: Berserk           |       |     2 |       |     5 |     4 ||    11
       Trog's Hand       |       |     1 |       |     3 |     1 ||     5
       Brothers in Arms  |       |       |       |     1 |     4 ||     5
 Abil: Fly               |       |       |       |       |     1 ||     1
  Use: Scroll            |       |       |    14 |    18 |     1 ||    33
 Stab: Sleeping          |     1 |       |       |       |       ||     1
  Eat: Chunk             |     1 |     9 |    15 |    26 |    18 ||    69
       Ration            |       |       |       |     2 |     2 ||     4
Armor: Animal skin       |    19 |       |       |       |       ||    19
       Plate armour      |    79 |   159 |   273 |   426 |   475 ||  1412
Dodge: Dodged            |    73 |    72 |   144 |   187 |   249 ||   725
       Repelled          |       |       |       |    19 |     6 ||    25

Table legend:
 A = Non-vault XP
 B = Vault XP
 C = Vault XP percentage of total XP
 D = Non-vault monster count
 E = Vault monster count
 F = Vault count percentage of total count
                 A         B        C        D         E       F
            +---------+---------+-------+---------+---------+-------
      Total |   36168 |   36036 |  49.9 |     323 |     212 |  39.6
            +---------+---------+-------+---------+---------+-------
        D:1 |      43 |       0 |   0.0 |      16 |       0 |   0.0
        D:2 |     233 |       1 |   0.4 |      29 |       1 |   3.3
        D:3 |     369 |     226 |  38.0 |      43 |       8 |  15.7
        D:4 |     511 |       0 |   0.0 |      26 |       0 |   0.0
        D:5 |     450 |      18 |   3.8 |      16 |       1 |   5.9
        D:6 |     378 |       0 |   0.0 |      10 |       0 |   0.0
        D:7 |    1288 |       0 |   0.0 |      21 |       0 |   0.0
        D:8 |    1548 |     645 |  29.4 |      14 |       9 |  39.1
        D:9 |    2979 |       0 |   0.0 |      30 |       0 |   0.0
       D:10 |    2068 |    2148 |  50.9 |      20 |      21 |  51.2
     Lair:1 |    3124 |     145 |   4.4 |      15 |       1 |   6.2
     Lair:2 |    4724 |     983 |  17.2 |      12 |       1 |   7.7
     Lair:3 |    5892 |    1299 |  18.1 |      34 |       4 |  10.5
     Lair:4 |    4847 |   11678 |  70.7 |      14 |      59 |  80.8
     Lair:5 |    2649 |    1637 |  38.2 |       6 |       5 |  45.5
     Lair:6 |    5065 |   16921 |  77.0 |      17 |      74 |  81.3
    Ossuary |       0 |     252 | 100.0 |       0 |      27 | 100.0
    Volcano |       0 |      83 | 100.0 |       0 |       1 | 100.0
            +---------+---------+-------+---------+---------+-------
